[Event "Team 45 45 League T53"]
[Site "Internet Chess Club"]
[Date "2012.05.27"]
[Round "2"]
[White "ivanson"]
[Black "RD1974"]
[Result "1-0"]
[WhiteElo "1852"]
[BlackElo "1668"]
[Opening "Scandinavian: Pytel-Wade variation"]
[ECO "B01"]
[Time "19:00:08"]
[TimeControl "2700+45"]

1. e4 d5 2. exd5 Qxd5 3. Nc3 Qd6 4. d4 Nf6 5. Nf3 c6 6. Ne5 Bf5 7. Bf4 Qe6 8.
Bc4 Nd5 9. O-O a6 10. Qf3 Qd6 11. Bxd5 cxd5 12. Nxf7 Qd7 13. Nxh8 e6 14. Rfe1
Nc6 15. Be5 O-O-O 16. g4 Nxe5 17. dxe5 Be4 18. Nxe4 dxe4 19. Rxe4 Kb8 20. Nf7
Rc8 21. c3 Qd5 22. Rd1 Qa5 23. Nd6 Bxd6 24. exd6 Qg5 25. d7 Rd8 26. Qf4+ {Black
resigns} 1-0

[Event "Team 45 45 League T53"]
[Site "Internet Chess Club"]
[Date "2012.05.24"]
[Round "2"]
[White "Eyechess"]
[Black "chesskilleruk"]
[Result "1-0"]
[WhiteElo "2087"]
[BlackElo "2087"]
[Opening "Queen's pawn"]
[ECO "A40"]
[Time "14:00:34"]
[TimeControl "2700+45"]

1. d4 c6 2. Nf3 d6 3. c4 Nd7 4. Nc3 e5 5. e4 Ngf6 6. Be2 Be7 7. O-O O-O 8. Be3
Qc7 9. d5 Nc5 10. Nd2 a5 11. a3 Bd7 12. b4 axb4 13. axb4 Rxa1 14. Qxa1 Na6 15.
dxc6 Nxb4 16. cxd7 Qxd7 17. Rb1 Nc2 18. Qa7 Nxe3 19. Rxb7 Qc8 20. Rxe7 Nc2 21.
Nb5 Qd8 22. Nf3 Nb4 23. Rc7 Nxe4 24. Qa3 {Black resigns} 1-0

[Event "Team 45 45 League T53"]
[Site "Internet Chess Club"]
[Date "2012.05.30"]
[Round "2"]
[White "Logos1"]
[Black "SlimeDog2"]
[Result "0-1"]
[WhiteElo "1993"]
[BlackElo "2143"]
[Opening "Ruy Lopez: Berlin defense"]
[ECO "C65"]
[Time "19:43:13"]
[TimeControl "2700+45"]

1. e4 e5 2. Nf3 Nc6 3. Bb5 Nf6 4. d3 Bc5 5. O-O d6 6. c3 O-O 7. h3 a6 8. Bxc6
bxc6 9. Bg5 h6 10. Bh4 g5 11. Bg3 Ba7 12. Nbd2 Nh5 13. d4 f6 14. Nc4 Ng7 15. Qd2
Be6 16. Ne3 Qe7 17. b3 Nh5 18. Rad1 Qh7 19. Qd3 d5 20. Qxa6 Bb6 21. Qe2 dxe4 22.
Nh2 Nxg3 23. fxg3 exd4 24. cxd4 Rad8 25. Qb2 f5 26. Qc3 Qg7 27. Nc2 c5 28. Qe1
cxd4 29. Kh1 d3 30. Ne3 Qd4 31. Nc4 Bxc4 32. bxc4 Qxc4 33. Rc1 Qxa2 34. Qc3 d2
35. Rc2 Qd5 36. Rd1 e3 37. Nf3 e2 38. Rdxd2 Qxf3 39. Qc4+ Kh8 40. Qxe2 Qxe2 41.
Rxe2 Rd1+ 42. Kh2 f4 43. gxf4 gxf4 44. h4 Bg1+ 45. Kh3 Rg8 46. h5 Rd3+ 47. Kh4
Rdg3 48. Re8 Rxe8 49. Re2 Rgg8 50. Rc2 Re5 51. Rd2 Reg5 52. Rd3 Rg4+ 53. Kh3
Rxg2 54. Kh4 Rh2+ 55. Rh3 Bf2# {White checkmated} 0-1

[Event "Team 45 45 League T53"]
[Site "Internet Chess Club"]
[Date "2012.05.26"]
[Round "2"]
[White "cesaralexander"]
[Black "kasperloff"]
[Result "1/2-1/2"]
[WhiteElo "1890"]
[BlackElo "1922"]
[Opening "Grünfeld: exchange, classical variation"]
[ECO "D87"]
[Time "10:16:40"]
[TimeControl "2700+45"]

1. d4 Nf6 2. c4 g6 3. Nc3 d5 4. cxd5 Nxd5 5. e4 Nxc3 6. bxc3 Bg7 7. Bc4 c5 8.
Ne2 Nc6 9. Be3 O-O 10. O-O Na5 11. Bd3 b6 12. dxc5 bxc5 13. Bxc5 Qc7 14. Bd4 e5
15. Be3 Be6 16. Qa4 Rfd8 17. Rfd1 Nc4 18. Bxc4 Bxc4 19. Rxd8+ Rxd8 20. Ng3 a6
21. Bg5 f6 22. Be3 Bb5 23. Qb3+ Qc4 24. Qxc4+ Bxc4 25. Nf1 Rd3 26. Nd2 Rxc3 27.
Nxc4 Rxc4 28. f3 Rc2 29. a4 h5 30. h4 Bf8 31. Rc1 Re2 32. Bb6 Ra2 33. Rc8 Kf7
34. a5 Bb4 35. Ra8 Be1 36. Kh2 Bxh4 {Game drawn by mutual agreement} 1/2-1/2

[Event "Team 45 45 League T53"]
[Site "Internet Chess Club"]
[Date "2012.05.26"]
[Round "2"]
[White "tenor"]
[Black "katikus"]
[Result "0-1"]
[WhiteElo "1771"]
[BlackElo "1806"]
[Opening "Sicilian: Najdorf, Opocensky variation"]
[ECO "B92"]
[Time "16:01:40"]
[TimeControl "2700+45"]

1. e4 c5 2. Nf3 d6 3. d4 cxd4 4. Nxd4 Nf6 5. Nc3 a6 6. Be2 e5 7. Nb3 Be7 8. O-O
O-O 9. f4 b5 10. Bf3 Bb7 11. Qe2 Nbd7 12. f5 Rc8 13. Be3 b4 14. Nd5 Bxd5 15.
exd5 e4 16. Bg4 Nxd5 17. Bd4 N7f6 18. Rac1 Qc7 19. Bh3 a5 20. Nd2 e3 21. Bxe3
Nxe3 22. Qxe3 d5 23. Qd3 Rfe8 24. g3 Bc5+ 25. Kh1 Re3 26. Qb5 Rce8 27. Nb3 Bb6
28. Bg2 R8e5 29. Rcd1 Re2 30. Nd4 Bxd4 31. Rxd4 Qxc2 32. Rg1 Qxb2 33. Qxa5 Qxd4
{White resigns} 0-1

[Event "Team 45 45 League T53"]
[Site "Internet Chess Club"]
[Date "2012.05.26"]
[Round "2"]
[White "chesskix"]
[Black "MinnArkie"]
[Result "0-1"]
[WhiteElo "1510"]
[BlackElo "1610"]
[Opening "English: symmetrical, main line with d3"]
[ECO "A38"]
[Time "20:00:35"]
[TimeControl "2700+45"]

1. Nf3 c5 2. c4 Nf6 3. Nc3 Nc6 4. g3 g6 5. Bg2 Bg7 6. O-O O-O 7. d3 d6 8. Bd2
Nd7 9. Qc1 Nde5 10. Bh6 Nxf3+ 11. exf3 Nd4 12. Bxg7 Kxg7 13. Re1 Bf5 14. Qd1 Rb8
15. a4 Re8 16. Ne2 Nc6 17. g4 Bd7 18. Ng3 Nb4 19. f4 e6 20. f5 Qf6 21. Ne4 Qd4
22. f6+ Kh8 23. Re3 Bc6 24. Ng5 Qxf6 25. Ne4 Qd4 26. Rh3 Bxe4 27. Bxe4 f5 28.
gxf5 exf5 29. Bg2 Qxb2 30. Rb1 Qe2 31. Qb3 Qd2 32. Rf1 b6 33. d4 Qxd4 34. Qg3
Re6 35. Qg5 Rbe8 36. Qh6 Qg7 37. Qg5 Re1 38. Qd2 Rxf1+ 39. Bxf1 Qf6 40. Qh6 Re7
41. Rh5 Qg7 42. Qxg7+ Kxg7 43. Rh3 d5 44. cxd5 Nxd5 45. Rb3 Nb4 46. Kg2 Nc6 47.
h3 Re4 48. Bb5 Nd4 49. Ra3 Nxb5 50. axb5 Re7 51. Kf3 Kf6 52. h4 h6 53. Kg3 g5
54. h5 Kf7 55. f4 g4 56. Kf2 Ke8 57. Kg3 Kd8 58. Kf2 Kc7 59. Kg3 Kb7 60. Rd3 a6
61. bxa6+ Kxa6 62. Kf2 Re6 63. Rd5 Rf6 64. Rd8 c4 65. Rc8 b5 66. Rg8 Ka5 67. Rg6
Rb6 68. Rg5 c3 69. Rxf5 Rc6 70. Re5 c2 71. Re1 c1=Q 72. Rxc1 Rxc1 73. Kg3 b4 74.
f5 b3 75. f6 b2 76. f7 Rf1 77. Kxg4 Rxf7 {White resigns} 0-1

[Event "Team 45 45 League T53"]
[Site "Internet Chess Club"]
[Date "2012.05.25"]
[Round "2"]
[White "Tjet"]
[Black "julesraider"]
[Result "0-1"]
[WhiteElo "1452"]
[BlackElo "1612"]
[Opening "English opening"]
[ECO "A20"]
[Time "20:02:22"]
[TimeControl "2700+45"]

1. c4 e5 2. g3 f5 3. Bg2 Nc6 4. d3 Nf6 5. Nc3 Bb4 6. Bd2 d6 7. a3 Bxc3 8. Bxc3
O-O 9. e3 Bd7 10. Ne2 Qe8 11. O-O Qh5 12. f3 d5 13. b4 d4 14. exd4 exd4 15. Bxd4
Nxd4 16. Nxd4 Rad8 17. Qd2 h6 18. Rae1 Qf7 19. Qf4 Bc8 20. Nxf5 Bxf5 21. Qxf5
Rfe8 22. Rxe8+ Qxe8 23. Qf4 Qe2 24. Rf2 Qxd3 25. Qc1 Qb3 26. Rc2 Rd3 27. Qb2
Rd1+ 28. Bf1 Qxf3 29. Rf2 Qe3 30. Qe2 Qd4 31. Qe6+ Kh7 32. Qf5+ Kg8 33. Kg2 Rd2
34. Rxd2 Qxd2+ 35. Qf2 Qxf2+ 36. Kxf2 Ng4+ 37. Kg1 Ne3 38. Bd3 Kf7 39. Kf2 Ng4+
40. Kg2 Ke6 41. h3 Ne5 42. Be2 Kf5 43. Kf2 Ke4 44. c5 b6 45. cxb6 cxb6 46. Bb5
Kd4 47. g4 g5 48. Be8 Nc4 49. a4 Kc3 50. a5 Kxb4 51. axb6 axb6 52. Kg3 Nd6 53.
Bc6 b5 54. h4 Kc5 55. Bxb5 Kxb5 56. hxg5 hxg5 57. Kf3 Kc4 58. Ke3 Kc3 59. Kf3
Kd3 60. Kf2 Ke4 61. Kg2 Kf4 {White resigns} 0-1

[Event "Team 45 45 League T53"]
[Site "Internet Chess Club"]
[Date "2012.05.26"]
[Round "2"]
[White "KidRattler"]
[Black "AtomicDog"]
[Result "0-1"]
[WhiteElo "1365"]
[BlackElo "1382"]
[Opening "English opening"]
[ECO "A17"]
[Time "10:06:57"]
[TimeControl "2700+45"]

1. c4 Nf6 2. Nc3 e6 3. g3 c6 4. d4 d5 5. Nf3 Bd6 6. e3 O-O 7. Bd3 Nbd7 8. O-O e5
9. Nxe5 Nxe5 10. dxe5 Bxe5 11. e4 Bh3 12. Re1 d4 13. Nb1 Ng4 14. f4 Qf6 15. Re2
Bc7 16. Bc2 d3 17. Bxd3 Qd4+ 18. Kh1 Nf2+ 19. Rxf2 Qxf2 20. Qe2 Bg2# {White
checkmated} 0-1

[Event "Team 45 45 League T53"]
[Site "Internet Chess Club"]
[Date "2012.05.25"]
[Round "2"]
[White "IanT"]
[Black "kingsrook"]
[Result "1-0"]
[WhiteElo "1526"]
[BlackElo "1218"]
[Opening "Caro-Kann: Panov-Botvinnik attack"]
[ECO "B13"]
[Time "21:10:20"]
[TimeControl "2700+45"]

1. e4 c6 2. d4 d5 3. exd5 cxd5 4. c4 Nf6 5. Nc3 Nc6 6. Nf3 Bg4 7. Be3 e6 8. Bd3
dxc4 9. Bxc4 Be7 10. Bb5 O-O 11. Bxc6 bxc6 12. O-O Nd5 13. h3 Bh5 14. Rc1 Nxe3
15. fxe3 Qc7 16. Qe2 Rab8 17. b3 Rfd8 18. Ne4 Rd5 19. Qf2 Bg6 20. Ned2 Bd3 21.
Rfe1 Bf6 22. Rc3 Bg6 23. e4 Rdd8 24. e5 Be7 25. Rec1 Rb6 26. Qe2 Rc8 27. Nc4 Rb7
28. Na5 Qxa5 29. Rxc6 Rxc6 30. Rxc6 Rc7 31. Qc4 Bd8 32. b4 Qb6 33. Rxb6 Rxc4 34.
Rb8 Kf8 35. Rxd8+ Ke7 36. Ra8 Rxb4 37. Rxa7+ Ke8 38. Nh4 Be4 39. a4 Rxd4 40. Nf3
Rd1+ 41. Kf2 Ra1 42. a5 Ra2+ 43. Ke3 Bd5 44. Ng5 Be4 {Black resigns} 1-0

[Event "Team 45 45 League T53"]
[Site "Internet Chess Club"]
[Date "2012.05.26"]
[Round "2"]
[White "dschesq"]
[Black "iceface"]
[Result "1-0"]
[WhiteElo "1623"]
[BlackElo "1582"]
[Opening "English: Neo-Catalan"]
[ECO "A13"]
[Time "20:01:12"]
[TimeControl "2700+45"]

1. Nf3 Nf6 2. c4 e6 3. g3 d5 4. Bg2 c6 5. O-O Be7 6. b3 Nbd7 7. Bb2 O-O 8. d4
Ne8 9. Nbd2 f6 10. Qc2 Qc7 11. Rac1 Nb6 12. e4 dxc4 13. bxc4 Qd8 14. Rfd1 Bd7
15. c5 Nc8 16. Nc4 Nc7 17. e5 fxe5 18. Nfxe5 Nd5 19. Ba3 Be8 20. Bh3 Bd7 21. Qe2
Rf6 22. Re1 Nc7 23. Nd6 Rb8 24. Nef7 Qf8 25. Ne5 Qd8 26. Qh5 Bxd6 27. cxd6 Nb5
28. Nxd7 Qxd7 29. d5 cxd5 30. Rc7 Nxc7 31. dxc7 Ra8 32. Bb2 Rg6 33. Qxg6 {Black
resigns} 1-0

[Event "Team 45 45 League T53"]
[Site "Internet Chess Club"]
[Date "2012.05.28"]
[Round "2"]
[White "tyler66"]
[Black "akshayk06"]
[Result "0-1"]
[WhiteElo "1419"]
[BlackElo "1420"]
[Opening "Konstantinopolsky opening"]
[ECO "C44"]
[Time "11:00:27"]
[TimeControl "2700+45"]

1. e4 e5 2. Nf3 Nc6 3. g3 Nf6 4. d3 h6 5. Bg2 Bc5 6. Nbd2 O-O 7. O-O d6 8. c3
Bg4 9. a4 a6 10. h3 Be6 11. b4 Bb6 12. Bb2 Qd7 13. Kh2 Nh7 14. Nc4 Ba7 15. Ncd2
f5 16. Qe2 f4 17. Nc4 Rf6 18. Nfd2 Ng5 19. g4 h5 20. f3 hxg4 21. b5 g3+ 22. Kh1
Ne7 23. d4 Bxh3 24. bxa6 b5 25. dxe5 Bxg2+ 26. Qxg2 Rh6+ {White resigns} 0-1

[Event "Team 45 45 League T53"]
[Site "Internet Chess Club"]
[Date "2012.05.27"]
[Round "2"]
[White "Visin"]
[Black "chesschessboy"]
[Result "0-1"]
[WhiteElo "1384"]
[BlackElo "1372"]
[Opening "Giuoco Piano"]
[ECO "C50"]
[Time "14:00:07"]
[TimeControl "2700+45"]

1. e4 e5 2. Nf3 Nc6 3. Bc4 Bc5 4. O-O Nf6 5. d3 d6 6. c3 Bg4 7. Nbd2 O-O 8. b4
Bb6 9. a4 a5 10. b5 Ne7 11. Ba3 Re8 12. h3 Bh5 13. Bb3 Bxf3 14. Nxf3 Ng6 15. Bc1
c6 16. c4 d5 17. Bg5 dxe4 18. Bxf6 Qxf6 19. dxe4 Nf4 20. Nh2 Rad8 21. Qc2 Qg6
22. g3 Qxg3+ 23. Kh1 Qg2# {White checkmated} 0-1

[Event "Team 45 45 League T53"]
[Site "Internet Chess Club"]
[Date "2012.05.27"]
[Round "2"]
[White "joshq03"]
[Black "obaut"]
[Result "0-1"]
[WhiteElo "1410"]
[BlackElo "1390"]
[Opening "Caro-Kann: advance variation"]
[ECO "B12"]
[Time "18:00:17"]
[TimeControl "2700+45"]

1. e4 c6 2. d4 d5 3. e5 Bf5 4. Nc3 e6 5. f4 c5 6. Nf3 Nc6 7. Bb5 Ne7 8. Be3 c4
9. O-O a6 10. Bxc6+ Nxc6 11. b3 Nb4 12. Rc1 Rc8 13. Bd2 b5 14. a3 Nc6 15. b4 Bg4
16. Rb1 Nxd4 17. Be3 Nf5 18. Qe1 d4 19. Rd1 Nxe3 20. Rxd4 Nd5 21. Nxd5 exd5 22.
c3 a5 23. Qd2 axb4 24. Rxd5 Bc5+ 25. Kh1 Qb6 26. axb4 Be7 27. Nd4 Rd8 28. Rxb5
Qxb5 29. Qa2 Qd5 30. b5 O-O 31. Nc6 Rd7 32. Nxe7+ Rxe7 33. b6 Bh3 34. Rg1 Ra8
35. Qb2 Rd7 36. Qc1 Rb8 37. Qb1 Rxb6 38. Qxb6 Bxg2+ 39. Rxg2 Qd1+ 40. Rg1 Qf3+
41. Rg2 Rd1+ 42. Qg1 Rxg1+ 43. Kxg1 Qxf4 44. Rb2 h6 45. Rb8+ Kh7 {White resigns}
0-1

[Event "Team 45 45 League T53"]
[Site "Internet Chess Club"]
[Date "2012.05.28"]
[Round "2"]
[White "nanning"]
[Black "jwsalaz"]
[Result "1-0"]
[WhiteElo "1606"]
[BlackElo "1347"]
[Opening "Catalan: closed, 5.Nf3"]
[ECO "E06"]
[Time "15:00:25"]
[TimeControl "2700+45"]

1. d4 d5 2. c4 e6 3. Nf3 Nf6 4. g3 Be7 5. Bg2 Bd7 6. O-O O-O 7. Nc3 Bc6 8. Ne5
Qd6 9. Bf4 Rd8 10. Nxf7 Kxf7 11. Bxd6 cxd6 12. cxd5 exd5 13. Qb3 Na6 14. Rae1
Rac8 15. Nxd5 Nxd5 16. e4 Kg6 17. exd5 Re8 18. dxc6 Rxc6 19. Bxc6 bxc6 20. Qf3
c5 21. Re6+ Kg5 22. h4# {Black checkmated} 1-0

[Event "Team 45 45 League T53"]
[Site "Internet Chess Club"]
[Date "2012.05.23"]
[Round "2"]
[White "jjaillet2007"]
[Black "tryanything"]
[Result "1-0"]
[WhiteElo "1396"]
[BlackElo "1589"]
[Opening "Benkö gambit"]
[ECO "A57"]
[Time "19:23:47"]
[TimeControl "2700+45"]

1. d4 Nf6 2. c4 c5 3. d5 b5 4. e4 Nxe4 5. Bd3 Nf6 6. Bg5 bxc4 7. Bxc4 d6 8. Bxf6
exf6 9. Nf3 g6 10. O-O Be7 11. Bb5+ Bd7 12. Qb3 O-O 13. Bxd7 Nxd7 14. Nbd2 f5
15. Nc4 Nb6 16. Rfe1 Bf6 17. a4 Nxc4 18. Qxc4 Bxb2 19. Rab1 Bf6 20. Rb7 Re8 21.
Rxe8+ Qxe8 22. Qb5 Qxb5 23. Rxb5 c4 24. Kf1 c3 25. Ne1 Rc8 26. Nc2 Rc5 27. Ke2
Rxb5 28. axb5 Kf8 29. Kd3 Ke8 30. Nb4 Kd7 31. Nc6 c2 32. Kxc2 Bd4 33. Nxd4 Kc7
34. Kb3 Kb6 35. Ka4 Kc5 36. Nc6 Kxd5 37. Nxa7 Kc5 38. Ka5 d5 39. b6 d4 40. b7 d3
41. b8=Q d2 42. Qb4+ {Black resigns} 1-0

[Event "Team 45 45 League T53"]
[Site "Internet Chess Club"]
[Date "2012.05.28"]
[Round "2"]
[White "JohLeb"]
[Black "dpmdpm"]
[Result "1-0"]
[WhiteElo "1412"]
[BlackElo "1573"]
[Opening "King's Indian: 4.e4"]
[ECO "E70"]
[Time "13:02:08"]
[TimeControl "2700+45"]

1. d4 Nf6 2. c4 g6 3. Nc3 Bg7 4. e4 d6 5. Bd3 O-O 6. Nge2 e5 7. d5 Nh5 8. O-O f5
9. f4 exf4 10. Nxf4 Nxf4 11. Bxf4 Nd7 12. exf5 gxf5 13. Qh5 Nf6 14. Qg5 Ng4 15.
Qxd8 Bd4+ 16. Kh1 Rxd8 17. Bg3 Rf8 18. h3 Ne3 19. Rf3 Bd7 20. Bf4 Rae8 21. Re1
Bxc3 22. bxc3 Nxg2 23. Rxe8 Bxe8 24. Kxg2 Bh5 25. Re3 {Black resigns} 1-0

[Event "Team 45 45 League T53"]
[Site "Internet Chess Club"]
[Date "2012.05.27"]
[Round "2"]
[White "Aquaman"]
[Black "theartist"]
[Result "1-0"]
[WhiteElo "1248"]
[BlackElo "1189"]
[Opening "Réti opening"]
[ECO "A04"]
[Time "14:32:17"]
[TimeControl "2700+45"]

1. Nf3 c5 2. g3 Nc6 3. Bg2 d5 4. d3 e5 5. O-O Nf6 6. Nbd2 Bd6 7. e4 d4 8. a4 O-O
9. Nc4 Bc7 10. Ne1 Re8 11. f4 Nd7 12. f5 f6 13. Bf3 Nb6 14. Nd2 Nd7 15. Bh5 Re7
16. Qg4 Qf8 17. Ndf3 Qd8 18. Ng5 Nf8 19. Qh4 h6 20. Nh3 Qd7 21. Nf2 Kh7 22. Ng4
Qd6 23. Bxh6 gxh6 24. Nxf6+ Kg7 25. Nd5 Rd7 26. f6+ Kg8 27. f7+ Kh7 28. Qg4 Kh8
29. Qg8# {Black checkmated} 1-0

[Event "Team 45 45 League T53"]
[Site "Internet Chess Club"]
[Date "2012.05.27"]
[Round "2"]
[White "JRussell2"]
[Black "Juan73"]
[Result "1-0"]
[WhiteElo "1438"]
[BlackElo "1644"]
[Opening "QGD: Marshall defense"]
[ECO "D06"]
[Time "20:02:40"]
[TimeControl "2700+45"]

1. d4 d5 2. c4 Nf6 3. e3 Nc6 4. Nc3 Bf5 5. Nf3 e6 6. h3 h6 7. a3 Bd6 8. cxd5
exd5 9. Bd3 Be6 10. O-O Qd7 11. Bb5 Bxh3 12. Ne5 Bxe5 13. dxe5 Ne4 14. Bxc6 bxc6
15. Nxe4 dxe4 16. gxh3 Qxh3 17. Qe2 O-O 18. f4 Rfe8 19. Rf2 Re6 20. Rg2 Qh4 21.
Bd2 Rd8 22. Rd1 f6 23. Be1 Rxd1 24. Qxd1 Qh3 25. Qd8+ Kh7 26. Qd7 Qxe3+ 27. Bf2
Qc1+ 28. Kh2 Qxf4+ 29. Kh1 Qc1+ 30. Bg1 {Black resigns} 1-0

[Event "Team 45 45 League T53"]
[Site "Internet Chess Club"]
[Date "2012.05.26"]
[Round "2"]
[White "PANAMA-REY"]
[Black "BrerRabbit"]
[Result "1-0"]
[WhiteElo "1485"]
[BlackElo "1482"]
[Opening "Pirc defense"]
[ECO "B07"]
[Time "19:03:36"]
[TimeControl "2700+45"]

1. e4 d6 2. d4 Nf6 3. Bd3 e5 4. d5 g6 5. Ne2 Bg7 6. Nbc3 O-O 7. h3 a6 8. Be3 b6
9. Qd2 Bb7 10. O-O Nbd7 11. f3 Nc5 12. f4 Nfd7 13. f5 Nf6 14. Kh1 Rc8 15. Rf2 c6
16. dxc6 Nxd3 17. cxd3 Bxc6 18. Bg5 Qc7 19. Rc1 Qb7 20. Rcf1 Ne8 21. f6 Bh8 22.
Bh6 Nxf6 23. Rxf6 Rfd8 24. Qg5 Qe7 25. Ng3 Bxf6 26. Rxf6 Rd7 27. Nf5 Qd8 28. h4
d5 29. h5 dxe4 30. dxe4 Rd2 31. Bg7 Rxb2 32. hxg6 Rc7 33. gxh7+ Kxh7 34. Qh6+
Kg8 35. Qh8# {Black checkmated} 1-0

[Event "Team 45 45 League T53"]
[Site "Internet Chess Club"]
[Date "2012.05.24"]
[Round "2"]
[White "Danny-ONeil"]
[Black "samjalex87"]
[Result "0-1"]
[WhiteElo "1212"]
[BlackElo "1128"]
[Opening "QGD semi-Slav: Stoltz variation"]
[ECO "D43"]
[Time "17:04:04"]
[TimeControl "2700+45"]

1. d4 d5 2. c4 e6 3. Nf3 Nf6 4. Nc3 c6 5. Qc2 Nbd7 6. e3 Qa5 7. Bd2 Qc7 8. Bd3
dxc4 9. Bxc4 Nd5 10. O-O Bd6 11. e4 Nxc3 12. Bxc3 e5 13. dxe5 Nxe5 14. Nxe5 Bxe5
15. Bxe5 Qxe5 16. Rfe1 O-O 17. Rad1 Bg4 18. Rc1 Rad8 19. Qb3 Rd2 20. Rb1 b5 21.
Bf1 Rfd8 22. Qa3 R8d7 23. Qa6 Qf4 24. Qxc6 Qxf2+ 25. Kh1 Rd8 26. Qxb5 h6 27. e5
Bf3 28. Re2 Bxe2 29. Bxe2 Rd1+ 30. Bf1 Rxb1 {White resigns} 0-1

[Event "Team 45 45 League T53"]
[Site "Internet Chess Club"]
[Date "2012.05.26"]
[Round "2"]
[White "emilyjuarez"]
[Black "PsyMar"]
[Result "1-0"]
[WhiteElo "1252"]
[BlackElo "1330"]
[Opening "King's Indian: Andersson variation"]
[ECO "E92"]
[Time "17:00:31"]
[TimeControl "2700+45"]

1. d4 Nf6 2. c4 g6 3. Nc3 Bg7 4. e4 d6 5. Nf3 O-O 6. Be2 e5 7. dxe5 dxe5 8. Qxd8
Rxd8 9. Bg5 Nc6 10. Nd5 Rd6 11. Nxc7 Rb8 12. Nb5 Rd7 13. Nc3 b6 14. O-O Bb7 15.
Bxf6 Bxf6 16. Nd5 Bg7 17. Rfd1 Re8 18. Nf6+ Bxf6 19. Rxd7 Na5 20. b4 Bc8 21. Rc7
Nb7 22. Rd1 a5 23. a3 axb4 24. axb4 Be7 25. Nxe5 Bxb4 26. Nxf7 Rxe4 27. Nh6+ Kf8
28. Rxc8+ Kg7 29. Bf3 Re7 30. Ng4 Bd2 31. g3 {Black resigns} 1-0

[Event "Team 45 45 League T53"]
[Site "Internet Chess Club"]
[Date "2012.05.25"]
[Round "2"]
[White "Patzer4Life"]
[Black "guyd52"]
[Result "1-0"]
[WhiteElo "1371"]
[BlackElo "1296"]
[Opening "King's pawn opening"]
[ECO "B07"]
[Time "20:00:42"]
[TimeControl "2700+45"]

1. e4 d6 2. d4 g6 3. c4 Nf6 4. Bd3 Bg7 5. h3 O-O 6. f4 Nbd7 7. Be3 b6 8. Nf3 Bb7
9. Nc3 e6 10. Qd2 a5 11. O-O Qc8 12. f5 h5 13. fxg6 fxg6 14. e5 Qe8 15. exf6
Bxf6 16. Qc2 Kh7 17. a4 Rg8 18. Be2 Qe7 19. Nd2 Raf8 20. Bxh5 Qg7 21. Bg4 Bxd4
22. Qd3 Bxe3+ 23. Qxe3 e5 24. Qg5 Rh8 25. Qh4+ Kg8 26. Be6+ Rf7 27. Bxf7+ Kf8
28. Qd8# {Black checkmated} 1-0

[Event "Team 45 45 League T53"]
[Site "Internet Chess Club"]
[Date "2012.05.27"]
[Round "2"]
[White "Just-Jim"]
[Black "chicopee-ed"]
[Result "0-1"]
[WhiteElo "1279"]
[BlackElo "1290"]
[Opening "Center game"]
[ECO "C22"]
[Time "16:00:25"]
[TimeControl "2700+45"]

1. e4 e5 2. d4 exd4 3. Qxd4 Nc6 4. Qd1 Be7 5. Nf3 d6 6. h3 Be6 7. Bb5 a6 8.
Bxc6+ bxc6 9. Nc3 Nf6 10. O-O O-O 11. e5 dxe5 12. Qxd8 Rfxd8 13. Nxe5 Bd7 14.
Rd1 Bd6 15. Nxd7 Nxd7 16. Bg5 f6 17. Be3 Bc5 18. Bf4 Ne5 19. Bxe5 fxe5 20. Ne4
Be7 21. Re1 Bf6 22. Re3 Rd7 23. Rg3 Kf7 24. Re1 Rad8 25. b3 Rd1 26. Rxd1 Rxd1+
27. Kh2 Rc1 28. c4 Ke7 29. Nxf6 Kxf6 30. Rd3 Ke7 31. f3 Re1 32. a4 e4 33. fxe4
Rxe4 34. g4 a5 35. Kg3 g5 36. Kf3 Re1 37. Re3+ Rxe3+ 38. Kxe3 Kd6 39. Kd4 c5+
40. Ke4 Ke6 41. Kf3 Ke5 42. Kg3 Ke4 43. h4 h6 44. hxg5 hxg5 45. Kf2 Kf4 46. Ke2
Kxg4 47. Kf2 Kh3 48. Kg1 g4 49. Kh1 g3 50. Kg1 c6 51. Kh1 g2+ 52. Kg1 Kg3 53. b4
cxb4 54. c5 Kf3 55. Kh2 Kf2 {White resigns} 0-1

[Event "Team 45 45 League T53"]
[Site "Internet Chess Club"]
[Date "2012.05.26"]
[Round "2"]
[White "Aquaman"]
[Black "WilmaP"]
[Result "1-0"]
[WhiteElo "1233"]
[BlackElo "1118"]
[Opening "Réti opening"]
[ECO "A04"]
[Time "14:45:44"]
[TimeControl "2700+45"]

1. Nf3 c6 2. g3 d5 3. Bg2 Nf6 4. O-O e6 5. d3 Bd6 6. Nbd2 O-O 7. Re1 Qb6 8. e4
Ng4 9. Qe2 f5 10. h3 Ne5 11. Nxe5 Bxe5 12. c3 Bxg3 13. d4 Bh4 14. Nf3 Bd8 15.
exd5 exd5 16. Bf4 Bd7 17. Ng5 Re8 18. Qxe8+ Bxe8 19. Rxe8# {Black checkmated}
1-0

[Event "Team 45 45 League T53"]
[Site "Internet Chess Club"]
[Date "2012.05.26"]
[Round "2"]
[White "wekabird"]
[Black "johnnyw"]
[Result "1-0"]
[WhiteElo "1170"]
[BlackElo "1082"]
[Opening "English opening"]
[ECO "A22"]
[Time "17:00:36"]
[TimeControl "2700+45"]

1. c4 e5 2. Nc3 Nf6 3. e4 Nc6 4. d3 Bc5 5. h3 h6 6. Nf3 d6 7. a3 a6 8. g3 O-O 9.
Bg2 Ba7 10. O-O Be6 11. b3 Nd4 12. Nxd4 exd4 13. Ne2 Re8 14. Rb1 c6 15. Bb2 Qd7
16. Kh2 c5 17. Nf4 Rab8 18. Nxe6 Qxe6 19. Re1 b5 20. f4 Qd7 21. e5 dxe5 22. fxe5
Nh7 23. Qf3 Ng5 24. Qg4 Qxg4 25. hxg4 Re6 26. Bc1 Rbe8 27. Bxg5 hxg5 28. Re4 Bb8
29. Rbe1 Bxe5 30. Bf3 f6 31. Kg2 Kf7 32. R4e2 Rd8 33. Bd5 Re8 34. Bxe6+ Rxe6 35.
Rf2 Ke7 36. Rfe2 Kf7 37. Re4 Ke7 38. Rh1 Kf7 39. Rh8 Re8 40. Rh7 Re7 41. Rh1 Re6
42. Rf1 Re7 43. a4 b4 44. Rfe1 a5 45. Kf3 Re6 46. Rh1 Kg8 47. Rh3 Re7 48. Re2
Re8 49. Re4 Kf7 50. Rh2 Rf8 51. Kg2 Re8 52. Rh1 Rf8 53. Rf1 Re8 54. Rf5 Kg6 55.
Rexe5 fxe5 56. Kf3 Re6 57. Ke4 Re7 58. Rxe5 Rxe5+ 59. Kxe5 Kf7 60. Kd5 Ke7 61.
Kxc5 Kd7 62. Kxd4 Kc6 63. Ke5 Kd7 64. d4 Kc6 65. c5 g6 66. Ke6 Kc7 67. d5 Kc8
68. d6 Kd8 69. c6 Ke8 70. d7+ Kd8 71. Kf7 Kc7 72. Ke7 {Black resigns} 1-0

[Event "Team 45 45 League T53"]
[Site "Internet Chess Club"]
[Date "2012.05.25"]
[Round "2"]
[White "otib2006"]
[Black "ethan0627"]
[Result "1-0"]
[WhiteElo "1375"]
[BlackElo "1222"]
[Opening "Queen's pawn game"]
[ECO "D02"]
[Time "18:02:57"]
[TimeControl "2700+45"]

1. d4 d5 2. Nf3 e6 3. e3 c5 4. c3 Nc6 5. Bd3 Nf6 6. O-O Be7 7. Nbd2 O-O 8. Qe2
a6 9. e4 h6 10. Re1 Re8 11. e5 Nh7 12. a3 Ng5 13. Nxg5 c4 14. Bh7+ Kh8 15. Nxf7+
Kxh7 16. Nxd8 Rxd8 17. Nf3 Rf8 18. Qc2+ Kg8 19. b3 b5 20. bxc4 bxc4 21. a4 a5
22. Ba3 Bxa3 23. Rxa3 Bd7 24. Nh4 Ne7 25. Ng6 Rfe8 26. Nxe7+ Rxe7 27. Ra2 Rf8
28. Rb2 Kh8 29. Reb1 Ree8 30. Rb7 Bc6 31. Rc7 Ba8 32. Qg6 Re7 33. Rxe7 Rg8 34.
Qxe6 {Black resigns} 1-0

[Event "Team 45 45 League T53"]
[Site "Internet Chess Club"]
[Date "2012.05.27"]
[Round "2"]
[White "zhou2004"]
[Black "dabodhi"]
[Result "0-1"]
[WhiteElo "1042"]
[BlackElo "1260"]
[Opening "Mieses opening"]
[ECO "A00"]
[Time "15:00:12"]
[TimeControl "2700+45"]

1. d3 d5 2. e4 dxe4 3. Nc3 exd3 4. cxd3 Nc6 5. Nf3 e5 6. g3 Bc5 7. d4 exd4 8.
Ne2 Qe7 9. Bg2 Bf5 10. O-O Rd8 11. Bd2 h6 12. a3 Nf6 13. b4 Bb6 14. b5 d3 15.
bxc6 dxe2 16. Qxe2 Qxe2 17. Rfe1 Qxe1+ 18. Rxe1+ Ne4 19. Bb4 Bxf2+ 20. Kf1 Bxe1
21. Nxe1 bxc6 22. Bxe4 Bxe4 {White resigns} 0-1